 Dungeon Crawl Stone Soup version 0.30-a0-359-gd0147acb1a (webtiles) character file.

Game seed: 12976574452234958390

10 gruber the Conjurer (level 2, 0/17 HPs)
             Began as an Octopode Conjurer on Nov 11, 2022.
             Slain by a jackal (1 damage)
             ... on level 1 of the Dungeon.
             The game lasted 00:00:28 (222 turns).

gruber the Conjurer (Octopode Conjurer)              Turns: 222, Time: 00:00:29

Health: 0/17       AC:  1    Str:  6    XL:     2   Next: 20%
Magic:  2/5        EV: 13    Int: 20    God:
Gold:   28         SH:  0    Dex: 10    Spells: 4/5 levels left

rFire   . . .      SeeInvis .    (no weapon)
rCold   . . .      Faith    .    (no shield)
rNeg    . . .      Spirit   .    (helmet restricted)
rPois   .          Reflect  .    (no amulet)
rElec   .          Harm     .    (no ring)
rCorr   .          Rampage  .    (no ring)
Will    .....                    (no ring)
Stlth   +++.......               (no ring)
HPRegen 0.22/turn                (no ring)
MPRegen 0.09/turn                (no ring)
                                 (no ring)
                                 (no ring)

@: no status effects
A: almost no armour, amphibious, 8 rings, camouflage 1, gelatinous body 1,
(nimble swimmer 1), tentacles
a: no special abilities


You were on level 1 of the Dungeon.
You visited 1 branch of the dungeon, and saw 1 of its levels.

You collected 28 gold pieces.

Inventory:

Scrolls
 b - a scroll of magic mapping {unknown}
Potions
 a - a potion of magic


   Skills:
 - Level 2.0 Dodging
 - Level 2.6 Stealth
 - Level 2.0 Spellcasting
 + Level 4.5 Conjurations


You had 4 spell levels left.
You knew the following spells:

 Your Spells              Type           Power      Damage    Failure   Level
a - Magic Dart            Conj           80%        1d7       2%          1

Your spell library contained the following spells:

 Spells                   Type           Power      Damage    Failure   Level
 Searing Ray              Conj           40%        2d5       3%          2
 Dazzling Flash           Conj/Hex       22%        N/A       19%         3
 Fulminant Prism          Conj/Hex       5%         3d6       52%         4
 Iskenderun's Mystic Bla  Conj/Tloc      11%        2d4       52%         4


Dungeon Overview and Level Annotations

Branches:
Dungeon (1/15)

Altars:


Innate Abilities, Weirdness & Mutations

You cannot wear most types of armour.
You are amphibious.
You can wear up to eight rings at the same time.
Your skin changes colour to match your surroundings (Stealth+).
Your rubbery body absorbs attacks. (AC +1, EV +1)
((You are camouflaged when in or above water. (Stealth+)))
You have tentacles for arms and can constrict up to eight enemies at once.


Message History

You barely miss the jackal.
The jackal barks!
Your grab misses the jackal.
The jackal is moderately wounded.
You hear a bark!
The jackal barely misses you. The jackal bites you.
A jackal comes into view.
Unknown command.
You miss the jackal. Your grab misses the jackal.
Your squeeze misses the jackal.
The jackal is moderately wounded.
The jackal misses you.
You tentacle-slap the jackal but do no damage.
You grab the jackal.
The jackal is moderately wounded.
You constrict the jackal, but do no damage.
The jackal bites you. The jackal barely misses you.
You tentacle-slap the jackal. Your squeeze misses the jackal.
The jackal is heavily wounded.
You constrict the jackal, but do no damage.
The jackal barely misses you.
You tentacle-slap the jackal but do no damage.
The jackal is heavily wounded.
You constrict the jackal. The jackal bites you.
You tentacle-slap the jackal.
You kill the jackal!
The jackal misses you.
You closely miss the jackal. Your grab misses the jackal. The jackal bites you.
* * * LOW HITPOINT WARNING * * *
You tentacle-slap the jackal but do no damage.
Your grab misses the jackal. The jackal bites you.
* * * LOW HITPOINT WARNING * * *
The jackal bites you.
* * * LOW HITPOINT WARNING * * *
You closely miss the jackal. Your grab misses the jackal.
Your tentacle-slap misses the jackal.
The jackal closely misses you.
You miss the jackal. You grab the jackal.
You constrict the jackal, but do no damage.
The jackal bites you.
You die...

# #...#########.##..##
#.####.............##..##
###......................##
............#########.###.##
##.#..###.#.# #.# #...
#.####.#.# #.# ###. )..
...#.### #.# #. #.# #..#...#
#.# #. #. #..#@#.# #.#####.
# #..#h#.# #...)... #.h.h..#
#.#####.
#..###.#######.#####. #..
............... ....
########†##### ..... #.#
#.#... #.# ##..## #.#


You could see 2 jackals.

Vanquished Creatures
  2 ball pythons (D:1)
  A goblin (D:1)
  3 jackals (D:1)
  A quokka (D:1)
  A bat (D:1)
  A frilled lizard (D:1)
9 creatures vanquished.

Notes
Turn   | Place    | Note
-------+----------+-------------------------------------------
     0 | D:1      | gruber the Octopode Conjurer began the quest for the Orb.
     0 | D:1      | Reached XP level 1. HP: 11/11 MP: 3/3
   204 | D:1      | Reached XP level 2. HP: 17/17 MP: 1/5
   222 | D:1      | Slain by a jackal

Illustrated notes

Levels and vault maps discovered:
D:1:      minmay_arrival_open_corners, layout_loops_ring, serial_shops, shop,
          nicolae_shop_statue_plus

Action                   || total
-------------------------++-------
Melee: Unarmed           ||    17
       Constrict         ||     5
       Tentacles         ||     1
 Cast: Magic Dart        ||    10
Armor: Skin              ||     2
Dodge: Dodged            ||    14

Table legend: (Time is in decaauts)
 A = Elapsed time spent in this place.
 B = Non-inter-level travel time spent in this place.
 C = Inter-level travel time spent in this place.
 D = Time resting spent in this place.
 E = Time spent auto-exploring this place.
 F = Levels seen in this place.
 G = Mean time per level.
                   A        B        C        D        E       F      G
               +--------+--------+--------+--------+--------+-----+--------+
         Total |    222 |    222 |      0 |      0 |    181 |   1 |  222.0 |
       Dungeon |    222 |    222 |      0 |      0 |    181 |   1 |  222.0 |
               +--------+--------+--------+--------+--------+-----+--------+

Top non-repeatable levels by time:
     D:1: 222 daAuts
